Cogmind - Beta 16.1 @@@ ROGUE MODE // 2026.04.12 @ 14:35:35 Player: zacyquack Result: Destroyed by G-47 Trooper with Particle Gun Performance ------------- Evolutions (2) 1000 Regions Visited (5) 1000 Robots Destroyed (64) 320 Value Destroyed (1842) 1842 Prototype IDs (41) 820 Alien Tech Used (0) 0 Bonus (300) 300 TOTAL SCORE: 5282 Bonus ------- Aligned with FarCom 300 Cogmind --------- Core Integrity 0/550 Matter 134/300 Energy 245/265 System Corruption 11% Temperature Danger (436) Movement Treading (325) Ox2 Location -8/Materials Parts ------- > --- POWER (1) -------- Improved Ion Engine > --- PROPULSION (3) --- Light Treads Armored Treads > --- UTILITY (5) ------ Huge Storage Unit Visual Processing Unit Signal Interpreter Utility Shielding > --- WEAPON (2) ------- Heavy Particle Cannon Heavy Particle Cannon > --- INVENTORY (25) --- Improved Ion Engine Light Treads Light Treads Superbattery (1500) Weight Redist. System Propulsion Shielding Heavy Armor Plating Hacking Suite Authchip [R/Combat] Authchip [R/Combat] Authchip [Processor] Authchip [Processor] Advanced Beam Rifle Flak Gun Flak Gun Flak Gun Flak Gun Advanced EMP Blaster Advanced EMP Blaster Improved Grenade Launcher Improved Datajack Heavy Hammer Peak State ------------ > --- POWER ------------ Deuterium Engine > --- PROPULSION ------- Light Treads Armored Treads Armored Treads > --- UTILITY ---------- Huge Storage Unit Visual Processing Unit Signal Interpreter Transport Network Coupler Utility Shielding > --- WEAPON ----------- Flak Cannon Flak Cannon > --- INVENTORY -------- Improved Ion Engine Light Nuclear Core Light Treads Light Treads Light Treads Light Treads Superbattery Weight Redist. System Propulsion Shielding Authchip [R/Combat] Authchip [R/Combat] Authchip [Storage] Authchip [Processor] Authchip [Processor] Advanced Beam Rifle Flak Gun Flak Gun Flak Gun Flak Gun Assault Cannon Advanced EMP Blaster Advanced EMP Blaster Rocket Launcher Improved Datajack Heavy Hammer [Rating: 30] Favorites ----------- Power Ion Engine Engine Ion Engine Power Core Light Nuclear Core Propulsion Light Treads Treads Light Treads Leg Aluminum Leg Utility Huge Storage Unit Storage Huge Storage Unit Processor Signal Interpreter Protection Utility Shielding Weapon EM Pulse Gun Energy Gun EM Pulse Gun Energy Cannon Heavy Particle Cannon Ballistic Gun Light Assault Rifle Ballistic Cannon Flak Cannon Launcher Rocket Launcher Special Melee Weapon Datajack Build | -11 -10 -10 -10 -9 -8 ------- Run | Yrd Mat Min Exi Min Mat Slots Evolved 4 | . . . . . 4 Power . | . . . . . . Propulsion 1 | . . . . . 1 Utility 3 | . . . . . 3 Weapon . | . . . . . . Parts Attached 46 | 6 19 . 1 . 20 Power 4 | 1 . . . . 3 Engine 3 | 1 . . . . 2 Core 1 | . . . . . 1 Reactor . | . . . . . . Propulsion 13 | 2 7 . . . 4 Treads 11 | 2 5 . . . 4 Leg 2 | . 2 . . . . Wheel . | . . . . . . Hover . | . . . . . . Flight . | . . . . . . Utility 8 | 1 3 . . . 4 Device . | . . . . . . Storage 2 | 1 1 . . . . Processor 5 | . 2 . . . 3 Hackware . | . . . . . . Protection 1 | . . . . . 1 Artifact . | . . . . . . Weapon 21 | 2 9 . 1 . 9 Energy Gun 11 | 2 7 . . . 2 Energy Cannon 2 | . . . . . 2 Ballistic Gun 3 | . 2 . . . 1 Ballistic Cannon 2 | . . . . . 2 Launcher 2 | . . . . . 2 Special Weapon . | . . . . . . Impact Weapon . | . . . . . . Slashing Weapon . | . . . . . . Piercing Weapon . | . . . . . . Special Melee Weapon 1 | . . . 1 . . Unidentified Prototypes 3 | . . . . . 3 Corrupted Parts 1 | . . . . . 1 System Corruption 7 | . . . . . 7 Parts Lost 16 | . 6 . . . 10 Power 1 | . . . . . 1 Propulsion 5 | . 1 . . . 4 Utility . | . . . . . . Weapon 10 | . 5 . . . 5 Highest Loss Streak 4 | . 4 . . . 3 To Critical Strikes . | . . . . . . Average Backups 17 | 1 11 18 18 19 22 Power 1 | . 1 2 2 2 1 Propulsion 2 | . 2 2 2 2 2 Utility 5 | . 3 6 6 7 7 Weapon 6 | . 3 7 7 7 9 Tool/Special . | . . . . . . Unused Backups 34 | . 3 . . . 31 Power 3 | . . . . . 3 Propulsion 2 | . . . . . 2 Utility 11 | . 1 . . . 10 Weapon 17 | . 2 . . . 15 Tool/Special 1 | . . . . . 1 Average Slot Usage (%) 95 | . 94 100 100 100 94 Engine 11 | . 13 14 14 14 8 Treads 25 | . 22 28 28 28 26 Leg 2 | . 5 . . . . Storage 11 | . 14 14 14 14 9 Processor 16 | . 10 14 14 14 23 Protection 4 | . . . . . 8 Energy Gun 15 | . 23 28 22 28 6 Ballistic Gun 1 | . 2 . . . . Ballistic Cannon 5 | . . . . . 11 Peak Build Rating 30 | 6 11 10 11 11 30 Average Rating 15 | 4 8 10 10 11 23 On Entrance 8 | . 6 10 10 11 11 Avg Prop Armor Cover (%) . | . . . . . . Naked Turns . | . . . . . . Heaviest Build 102 | 14 89 89 89 89 102 Greatest Support 60 | 40 40 40 40 40 60 Greatest Overweight (x) 4 | . 4 2 2 2 2 Average Overweight (x) 1 | . 2 2 2 2 1 Largest Inventory Capacity 25 | 8 25 25 25 25 25 Average Capacity 24 | 6 24 25 25 25 25 Most Carried 25 | 4 20 18 19 20 25 Average Carried 17 | 1 11 18 18 19 22 Final Capacity 25 | 8 25 25 25 25 25 Final Carried 23 | 2 18 18 19 20 23 Class Distribution -------------------- 71% | Mutant 22% | Skirmisher 4% | Scavenger-Skirmisher Dominant Class ---------------- Mutant | -10/Materials Mutant | -10/Mines Mutant | -10/Exiles Mutant | -9/Mines Skirmisher | -8/Materials Resources | -11 -10 -10 -10 -9 -8 ----------- Run | Yrd Mat Min Exi Min Mat Matter Collected 1406 | 260 174 . . . 972 Remotely . | . . . . . . Salvage Created 2155 | 97 628 . . . 1430 Parts 107 | . 40 . . . 67 Haulers Intercepted 6 | . 1 . . . 5 Recyclers Shooed 4 | . 1 . . . 3 Parts Field Recycled . | . . . . . . Retrieved Matter . | . . . . . . Parts Self-Destructed . | . . . . . . Prevented . | . . . . . . Parts Restored . | . . . . . . Kills | -11 -10 -10 -10 -9 -8 ------- Run | Yrd Mat Min Exi Min Mat Combat Hostiles Destroyed 37 | . 10 . . . 27 Guns 16 | . 10 . . . 6 Cannons 15 | . . . . . 15 AOE 6 | . . . . . 6 Classes Destroyed 9 | 1 6 . . . 2 Worker 3 | . 1 . . . 2 Builder 3 | . 2 . . . 1 Hauler 6 | . 1 . . . 5 Recycler 5 | 1 . . . . 4 Operator 3 | . 1 . . . 2 Watcher 7 | . 3 . . . 4 Swarmer 3 | . . . . . 3 Grunt 27 | . 10 . . . 17 Sentry 7 | . . . . . 7 Best Kill Streak 10 | 1 5 . . . 10 Combat Bots Only 7 | . 3 . . . 7 Max Kills in Single Turn 2 | 1 2 . . . 2 Gunslinging . | . . . . . . Exploded 1 | . . . . . 1 Melee . | . . . . . . Uniques/NPCs Destroyed . | . . . . . . Combat | -11 -10 -10 -10 -9 -8 -------- Run | Yrd Mat Min Exi Min Mat Hostile Shots Fired 308 | . 96 . . . 212 Missed 81 | . 24 . . . 57 Hits 227 | . 72 . . . 155 Projectile 227 | . 72 . . . 155 Critical Strikes 13 | . 2 . . . 11 Damage Taken 3382 | . 968 . . . 2414 Core 643 | . 90 . . . 553 Absorbed by Shields . | . . . . . . Redirected to Shielding 24 | . . . . . 24 Regen/Repaired (Parts) 51 | . 51 . . . . Core Remaining (%) 82 | 100 . . . 64 . Volleys Fired 176 | 4 66 . . . 106 Largest 2 | 2 2 . . . 2 Hottest 112 | 80 80 . . . 112 Shots Fired 320 | 8 112 . . . 200 Gun 202 | 8 112 . . . 82 Cannon 107 | . . . . . 107 Launcher 11 | . . . . . 11 Special . | . . . . . . Kinetic 118 | . 14 . . . 104 Thermal 35 | . 20 . . . 15 Explosive 11 | . . . . . 11 Electromagnetic 156 | 8 78 . . . 70 Robot Hit Streak 17 | 5 6 . . . 17 Robot Miss Streak 8 | 2 4 . . . 8 Penetration Max . | . . . . . . Secondary Targets 3 | . 3 . . . . Max Gunslinging Chain 1 | . 1 . . . . Shots Hit Robots 231 | 5 67 . 3 . 156 Core Hits 172 | 2 29 . . . 141 Critical Kills . | . . . . . . Critical Parts Destroyed . | . . . . . . Critical Strikes 6 | . 3 . . . 3 Burn 2 | . . . . . 2 Corrupt 4 | . 3 . . . 1 Melee Attacks 3 | . . . 3 . . Impact . | . . . . . . Slashing . | . . . . . . Piercing . | . . . . . . Sneak Attacks 3 | . . . 3 . . Combat Hostiles . | . . . . . . Follow-up Attacks . | . . . . . . Damage Inflicted 4766 | 62 1119 . . . 3585 Guns 1791 | 62 884 . . . 845 Cannons 1736 | . . . . . 1736 Explosions 1159 | . 232 . . . 927 Melee . | . . . . . . Ramming 80 | . 3 . . . 77 Kinetic 1772 | . 86 . . . 1686 Thermal 869 | . 373 . . . 496 Explosive 585 | . . . . . 585 Electromagnetic 1460 | 62 657 . . . 741 Impact . | . . . . . . Slashing . | . . . . . . Piercing . | . . . . . . Highest Corruption 11 | . . . . . 11 Average Corruption 10 | . . . . . 10 Corruption Purged . | . . . . . . Corruption Blocked . | . . . . . . Effects 78 | . . . . . 78 Message Errors 16 | . . . . . 16 Matter Fused 22 | . . . . . 22 Heat Flow Errors 11 | . . . . . 11 Energy Discharges 4 | . . . . . 4 Parts Rejected 1 | . . . . . 1 Parts Fused 1 | . . . . . 1 Data Loss (minor) 11 | . . . . . 11 Data Loss (major) 7 | . . . . . 7 Misfires 4 | . . . . . 4 Weapon Failures 1 | . . . . . 1 Overload Shots . | . . . . . . Overflow Damage 29 | . . . . . 29 Projectiles . | . . . . . . Explosions 28 | . . . . . 28 Melee 1 | . . . . . 1 Knockbacks 32 | . . . . . 32 Impact . | . . . . . . Kinetic 32 | . . . . . 32 Secondary . | . . . . . . Self-Inflicted Damage 31 | . . . . . 31 Shots 1 | . . . . . 1 Rammed 18 | . 2 . . . 16 Targets Rammed 18 | . 2 . . . 16 Kicked . | . . . . . . Crushed . | . . . . . . Highest Temperature 434 | 54 434 . . . 427 Average Temperature 84 | 25 106 . . . 72 Received Heat Transfer 1965 | . 597 . . . 1368 Effects 5 | . 5 . . . . Shutdowns 1 | . 1 . . . . Interference 4 | . 4 . . . . Siege Activations . | . . . . . . Martial Activations . | . . . . . . Shielding Activations . | . . . . . . Robots Disrupted . | . . . . . . Combat Hostiles . | . . . . . . Robots Corrupted 1 | . . . . . 1 Combat Hostiles . | . . . . . . Parts Fried 7 | 1 1 . . . 5 Impact Corruptions 1 | . . . . . 1 Robots Melted . | . . . . . . Combat Hostiles . | . . . . . . Parts Melted . | . . . . . . Heat Transferred 1530 | . 625 . . . 905 Parts Sabotaged . | . . . . . . Parts Stolen . | . . . . . . Parts Stripped . | . . . . . . Power Chain Reactions 8 | . 4 . . . 4 Alert | -11 -10 -10 -10 -9 -8 ------- Run | Yrd Mat Min Exi Min Mat Maximum Alert Level 1 | . . . . . 1 Low Security (%) 83 | 100 100 100 . 100 67 Level 1 16 | . . . . . 32 Level 2 . | . . . . . . Level 3 . | . . . . . . Level 4 . | . . . . . . Level 5 . | . . . . . . High Security . | . . . . . . Max Security . | . . . . . . Peak Influence 276 | 5 102 . . . 276 Initial . | . . . . . . Average 80 | . 16 . . . 144 Influence Increases 1334 | 5 366 . . . 963 Destroy 0b10 Robot/C 740 | . 200 . . . 540 Destroy 0b10 Robot/NC 135 | 5 40 . . . 90 Destroy Leader 216 | . 58 . . . 158 Successful Hack 44 | . 17 . . . 27 Disable Machine 90 | . 15 . . . 75 Destroy Structure 64 | . 6 . . . 58 Lose Combat Pursuer 45 | . 30 . . . 15 Influence Decreases 1076 | 5 366 . . . 705 Time Decay 933 | 5 313 . . . 615 Lost Part 143 | . 53 . . . 90 Squads Dispatched 12 | . 2 . . . 10 Investigation 8 | . 1 . . . 7 Extermination . | . . . . . . Reinforcement 2 | . 1 . . . 1 Assault . | . . . . . . Garrison 2 | . . . . . 2 Intercept . | . . . . . . Searches Triggered . | . . . . . . Construction Impeded 1 | . . . . . 1 Haulers Reinforced . | . . . . . . Active Scanning Responses . | . . . . . . Cargo Convoy Interrupts . | . . . . . . Stealth | -11 -10 -10 -10 -9 -8 --------- Run | Yrd Mat Min Exi Min Mat Distress Signals 4 | . 1 . . . 3 Communications Jammed . | . . . . . . Distress Signals . | . . . . . . Times Spotted 64 | . 25 . . . 39 Peak Tracking Total 6 | . 6 . . . 4 Tactical Retreats 3 | . 2 . . . 1 Traps | -11 -10 -10 -10 -9 -8 ------- Run | Yrd Mat Min Exi Min Mat Traps Triggered . | . . . . . . Indirectly . | . . . . . . Trap Hack Attempts . | . . . . . . Triggered . | . . . . . . Disarmed . | . . . . . . Reprogrammed . | . . . . . . Reused . | . . . . . . Traps Extracted . | . . . . . . Installed . | . . . . . . Triggered . | . . . . . . Machines | -11 -10 -10 -10 -9 -8 ---------- Run | Yrd Mat Min Exi Min Mat Machines Disabled 6 | . 1 . . . 5 Max in Single Turn 1 | . 1 . . . 1 Machines Repaired . | . . . . . . Machines Dismantled . | . . . . . . Machines Sabotaged . | . . . . . . Overloaded Fab Kills . | . . . . . . Hacking | -11 -10 -10 -10 -9 -8 --------- Run | Yrd Mat Min Exi Min Mat Machines Accessed 16 | . 6 . 1 . 9 Terminals 9 | . 3 . . . 6 Fabricators . | . . . . . . Repair Stations 1 | . 1 . . . . Recycling Units 3 | . 2 . . . 1 Scanalyzers 1 | . . . . . 1 Garrison Access 1 | . . . . . 1 Total Hacks 47 | . 12 . 1 . 34 Successful 18 | . 7 . 1 . 10 Failed 29 | . 5 . . . 24 Catastrophic 8 | . 3 . . . 5 Database Lockouts . | . . . . . . Manual 16 | . 3 . 1 . 12 Terminals 30 | . 6 . . . 24 Fabricators . | . . . . . . Repair Stations 2 | . 2 . . . . Recycling Units 6 | . 4 . . . 2 Scanalyzers 4 | . . . . . 4 Garrison Access 4 | . . . . . 4 Terminal Hacks 7 | . 2 . 1 . 4 Robot Analysis 1 | . . . . . 1 Prototype ID Bank 2 | . 1 . . . 1 Branch Access Points 1 | . . . . . 1 Hauler Manifests 2 | . 1 . . . 1 Proto ID Catalog 1 | . . . 1 . . Fabricator Hacks . | . . . . . . Repair Station Hacks 2 | . 2 . . . . Scan Component 1 | . 1 . . . . Repair 1 | . 1 . . . . Recycling Unit Hacks 4 | . 2 . . . 2 Retrieve Components 4 | . 2 . . . 2 Scanalyzer 2 | . . . . . 2 Retrieve Study 2 | . . . . . 2 Garrison Access Hacks . | . . . . . . Unauthorized Hacks 3 | . 1 . . . 2 Terminals 3 | . 1 . . . 2 Operators 3 | . 1 . . . 2 Fabricators . | . . . . . . Repair Stations . | . . . . . . Recycling Units . | . . . . . . Scanalyzers . | . . . . . . Garrison Access . | . . . . . . Data Cores Recovered 2 | . . . . . 2 Used . | . . . . . . Hacking Detections 12 | . 4 . . . 8 Full Trace Events 10 | . 2 . . . 8 Feedback Events . | . . . . . . Feedback Blocked . | . . . . . . Robot Schematics Acquired . | . . . . . . Robots Built . | . . . . . . Authchips . | . . . . . . Time . | . . . . . . Total Robot Build Rating . | . . . . . . Part Schematics Acquired . | . . . . . . Parts Built . | . . . . . . Authchips . | . . . . . . Time . | . . . . . . Total Part Build Rating . | . . . . . . Part Studies Acquired 2 | . . . . . 2 Parts Repaired 1 | . 1 . . . . Time 26 | . 26 . . . . Parts Recycled . | . . . . . . Recycled Matter . | . . . . . . Retrieved Matter . | . . . . . . Retrieved Components 29 | . 16 . . . 13 Parts Scanalyzed . | . . . . . . Part Schematics Acquired . | . . . . . . Parts Damaged . | . . . . . . Bothacking | -11 -10 -10 -10 -9 -8 ------------ Run | Yrd Mat Min Exi Min Mat Used RIF Installer . | . . . . . . Robots Hacked 3 | . . . 3 . . Non-combat 2 | . . . 2 . . Combat 1 | . . . 1 . . Robot Hacks Applied 3 | . . . 3 . . parse_system 3 | . . . 3 . . Relay Couplers Released . | . . . . . . Fabnet Peak Effective % . | . . . . . . Robots Rewired . | . . . . . . Allies Hacked . | . . . . . . Hacks Repelled . | . . . . . . Allies | -11 -10 -10 -10 -9 -8 -------- Run | Yrd Mat Min Exi Min Mat Total Allies . | . . . . . . Largest Group . | . . . . . . Highest-Rated Group . | . . . . . . Highest-Rated Ally . | . . . . . . Total Orders . | . . . . . . Ally Attacks . | . . . . . . Total Damage . | . . . . . . Kills . | . . . . . . Allies Corrupted . | . . . . . . Allies Melted . | . . . . . . Intel | -11 -10 -10 -10 -9 -8 ------- Run | Yrd Mat Min Exi Min Mat Active Infowar (turns) 3090 | . 608 . . . 2482 Optics 3090 | . 608 . . . 2482 T.N.C. 1639 | . . . . . 1639 Robot Analysis Total 1 | . . . . . 1 Derelict Logs Recovered . | . . . . . . Drone Launches . | . . . . . . Drone Recoveries . | . . . . . . Exploration | -11 -10 -10 -10 -9 -8 ------------- Run | Yrd Mat Min Exi Min Mat Turns Passed 5902 | 85 2287 144 694 66 2626 Spaces Moved 1727 | 39 604 46 215 20 803 Core 2 | 2 . . . . . Treads 1633 | 37 512 46 215 20 803 Legs 92 | . 92 . . . . Wheels . | . . . . . . Hover . | . . . . . . Flight . | . . . . . . Fastest Speed 50 | 50 160 320 320 320 240 Average Speed 284 | 154 331 320 320 320 243 Slowest Speed 480 | 160 480 320 320 320 330 Overloaded Moves . | . . . . . . Propulsion Burnouts . | . . . . . . Robots Hopped . | . . . . . . Potential Cave-ins . | . . . . . . Cave-ins Triggered . | . . . . . . Exploration Rate (%) 39 | 4 85 15 59 10 63 Regions Visited 5 Branch Regions 3 Pre-discovered Areas . | . . . . . . Known Exits Taken 4 | . 1 1 1 1 . Unknown Exits Taken 1 | 1 . . . . . Scrap Searched . | . . . . . . Spaces Dug . | . . . . . . Terrain Destroyed 63 | . 7 . . . 56 Melee . | . . . . . . Projectile 1 | . . . . . 1 AOE 62 | . 7 . . . 55 Terrain Rammed . | . . . . . . Walls Destroyed . | . . . . . . Machines Disabled . | . . . . . . Actions | -11 -10 -10 -10 -9 -8 --------- Run | Yrd Mat Min Exi Min Mat Total 2370 | 56 776 45 220 24 1249 Wait 282 | . 33 . . 4 245 Move 1722 | 38 603 45 214 19 803 Hop . | . . . . . . Pick Up 82 | 8 38 . 1 1 34 Fast Attach . | . . . . . . Attach 30 | 6 9 . . . 15 Detach . | . . . . . . Swap 26 | . 12 . 2 . 12 Drop 31 | . 13 . . . 18 Fire 176 | 4 66 . . . 106 Melee 3 | . . . 3 . . Ram . | . . . . . . Kick . | . . . . . . Crush 18 | . 2 . . . 16 Escape Stasis . | . . . . . . Rewire . | . . . . . . Trap . | . . . . . . Miscellaneous . | . . . . . . Route ------- -11/Scrapyard -10/Materials (discovered 6 exits: *Mat x3 / *Min x2 / *Sub) -10/Mines -10/Exiles -9/Mines -8/Materials (discovered 2 exits: [*Fac] / Sto) History --------- Turn | Location | Event 13 | -11/Scrapyard | Discovered new exit (range 15) 86 | -11/Scrapyard | Entered Materials 314 | -10/Materials | Build established: Mutant 387 | -10/Materials | Lost 4 parts (1n3w) 587 | -10/Materials | Discovered new exit (range 17) 936 | -10/Materials | Discovered new exit (range 15) 1392 | -10/Materials | Discovered new exit (range 15) 1584 | -10/Materials | Repaired Ion Engine 1715 | -10/Materials | Discovered new exit (range 16) 1801 | -10/Materials | Identified exit to Subcaves 1913 | -10/Materials | Identified exit to Materials 2116 | -10/Materials | Discovered new exit (range 11) 2218 | -10/Materials | Identified exit to Mines 2256 | -10/Materials | Discovered exit to Materials (range 14) 2373 | -10/Materials | Entered Mines 2505 | -10/Mines | Deemed a non-threat by the Exiles lab entrance 2505 | -10/Mines | Discovered new exit (range 5) 2514 | -10/Mines | Identified exit to Exiles 2517 | -10/Mines | Entered Exiles 2591 | -10/Exiles | Met 8R-AWN 2655 | -10/Exiles | Met EX-HEX 2765 | -10/Exiles | Met EX-BIN 2802 | -10/Exiles | Aligned with FarCom system 2805 | -10/Exiles | Given EX-Vault access code 2879 | -10/Exiles | Opened EX-Vault 2901 | -10/Exiles | Found Superbattery 2964 | -10/Exiles | Warned to stay clear of 0b10 Research branches 3064 | -10/Exiles | Met EX-DEC 3176 | -10/Exiles | Discovered new exit (range 10) 3208 | -10/Exiles | Identified exit to Mines 3211 | -10/Exiles | Left Exiles lab with Superbattery 3211 | -10/Exiles | Entered Mines 3218 | -9/Mines | Received a Rocket Launcher from a helpful Derelict 3232 | -9/Mines | Discovered new exit (range 14) 3274 | -9/Mines | Identified exit to Materials 3277 | -9/Mines | Entered Materials 3277 | -8/Materials | Evolved 4 slots: Propulsion x1, Utility x3 3533 | -8/Materials | Destroyed 7 combat bots 4129 | -8/Materials | System corruption reached 10% 4454 | -8/Materials | Build established: Skirmisher 4653 | -8/Materials | Garrison activated, responded to threat 5290 | -8/Materials | Identified exit to Storage 5351 | -8/Materials | Core integrity fell below 50% 5397 | -8/Materials | Core integrity fell below 20% 5417 | -8/Materials | Lost 3 parts (1p2n) 5607 | -8/Materials | Build established: Mutant 5768 | -8/Materials | Discovered new exit (range 18) 5885 | -8/Materials | Garrison activated, responded to threat 5903 | -8/Materials | Destroyed by G-47 Trooper with Particle Gun Last Messages --------------- 05849_ Acquired Hvy. Particle Cannon. 05852_ Dropped Authchip [Storage]. 05853_ Acquired Hvy. Particle Cannon. 05878_ K-01 Serf cleans the Garrison Access. 05881_ Connecting with Garrison Access... 05881_ ALERT: Suspicious activity at Garrison Access M001. Dispatching Investigation squad. 05881_ K-01 Serf cleans the Garrison Access. 05885_ G-47 Trooper knocked back. 05885_ G-47 Trooper calls for garrison reinforcements. 05885_ ALERT: Activating Garrison Access M001. 05886_ Y-45 Defender emerges from the garrison. 05886_ Flak Cannon+ destroyed. 05891_ System corrupted: Heat flow error (+250). 05897_ Y-45 Defender destroyed. 05897_ Lgt. Treads destroyed. 05899_ K-01 Serf collects debris. 05902_ Flak Cannon+ destroyed. 05902_ K-01 Serf collects debris. Map ----- +----------------------------------------------------+ | | | ???????????????????????????????????????????????? | | ???????????????????????????????????????????????? | | ???????????????????????????????????????????????? | | ???????????????????????????????????????????????? | | ???????????????????????????????????????????????? | | ???????????????????????????????????????????????? | | ???????????????????????????????????????????????? | | ???????????????????????????????????????????????? | | ???????????????????????????????????????????????? | | ???????????????????????????????????????????????? | | ???????????????????????????????????????????????? | | ???????????????????????????????????????????????? | | ???????????????????????????????????????????????? | | ??????????????????????#???###??###############?? | | ?????????????????????? ??# # #?? | | ?????????????????????? """ """ # # ### | | ??????????????###??????""" """?# """ # ##" | | ??????????????? ??????""" ""???""""" + ##" | | ???????????????? ?>??? ????""""" # !* | | ????????????????? ????] ????""""" # !! | | ?????????????????# ???? ????# """ # | | ?????????????????# ??? g ?????# # | | ??????????w??????# ####g#?????######## # | | ?????????????????# Y ########## #% | | ?????????????????# @ + + | | ?????????????????# """%* a####### # | | ?????????????????# "G [ #?????# # | | ?????????????????# """ k #?????# # % | | ????????? #?????# # | | ????????? ##+;########+### # | | ????????? ## ! #### | | ???????? # """ #??# | | ????????? + """ ]]] #??# | | ????????? ###### """ ]] ##?# | | ?????????#########+##?????# !]] ] #?# | | ??????????????????????????###########+###?# | | ????????????????????????????????????# #???#####+ | | ????????????????????????????????????# #????# | | ????????????????????????????????????# #????# "" | | ????????????????????????????????????# #????# "" | | ????????????????????????????######### ##???# "" | | ????????????????????????????# ^^ % ##### | | ????????????????????????????# ^ + "" | | ????????????????????????????# ^ ^ ##### "" | | ????????????????????????????# [/=^ #???# "" | | ????????????????????????????# [ = #???# | | ????????????????????????????# [== #???##### | | ??????????????+######+####### ######### | | ???????????? | +----------------------------------------------------+ Best States ------------- Heat Dissipation 31 Energy Generation 14 Energy Capacity 275 Matter Stores 300 Matter Capacity 300 Sight Range 18 Terrain Scan Density 110 Utility Shielding 33 Evasion (%) 40 Recoil Reduction 3 Authchip Count 6 Item Schematics ----------------- None Robot Schematics ------------------ None Fabricated ------------ Nothing Repaired ---------- Ion Engine | 15% | -10/Materials Studied --------- Imp. Datajack | -8/Materials | Hacked Flak Cannon | -8/Materials | Hacked Alien Tech Used ----------------- None Achievements -------------- None Challenges ------------ None Game ------ Seed ReflexDataRailcannon Manual? 0 Play Time 00:34:48 Cumulative 23.0 hours Start 2026.04.12 @ 13:56:53 End 2026.04.12 @ 14:35:35 Sessions 1 Manual Loads 0 Difficulty Rogue Special Mode None Game No. 37 Rogue 37 Adventurer 0 Explorer 0 Win Type - Total 0 Types 0/0/0/0/0/0/0/0/0/0 Lore% 12 Gallery% 21 Achievement% 19 Wizard Run 0 Options --------- Layout 1 ASCII 0 Keyboard 0 Movement Mouse Keybinds 0 Fullscreen 1 Font 32/SmallcapsGlow Map View 50x35 Zoom Use 0% Tactical HUD 1 Map Filters NONE Filters NONE Steam 1 RUN: ca3d3401-d8c5-4dab-9540-3c4ef42ea59d